 Dungeon Crawl Stone Soup version 0.28.0 (webtiles) character file.

Game seed: 13136821254529539333

303 Flippered the Sneak (level 6, -8/27 (28) HPs)
             Began as a Spriggan Enchanter on Feb 18, 2022.
             Mangled by Crazy Yiuf (14 damage)
             ... on level 3 of the Dungeon.
             The game lasted 00:10:33 (3947 turns).

Flippered the Sneak (Spriggan Enchanter)            Turns: 3947, Time: 00:10:34

HP:   -8/27 (28)    AC:  4    Str:  4    XL:     6   Next: 15%
MP:   3/11          EV: 17    Int: 18    God:
Gold: 110           SH:  0    Dex: 16    Spells: 3/10 levels left

rFire   . . .      SeeInvis +   a - +5 dagger of Befosomu {freeze, rN+}
rCold   + . .      Faith    .   (no shield)
rNeg    + + .      Spirit   .   k - +2 robe {rN+}
rPois   .          Reflect  .   (helmet restricted)
rElec   .          Harm     .   (no cloak)
rCorr   .          Rampage  .   (gloves unavailable)
Will    +....                   (boots unavailable)
Stlth   ++++......              (no amulet)
HPRegen 0.09/turn               j - ring of protection from cold
MPRegen 0.12/turn               (no ring)

@: lethally poisoned (-8 -> -14), lightly drained, very quick
A: very small, no large weapons, unfitting armour, see invisible, speed 3
a: no special abilities


You were on level 3 of the Dungeon.
You visited 1 branch of the dungeon, and saw 4 of its levels.

You collected 110 gold pieces.

Inventory:

Hand Weapons
 a - the +5 dagger of Befosomu (weapon) {freeze, rN+}
   (You found it on level 3 of the Dungeon)

   It freezes those it strikes, dealing additional cold damage.
   It can also slow down cold-blooded creatures.
   rN:        It protects you from negative energy.
Missiles
 i - 57 stones
 l - 5 poisoned darts
Armour
 k - a +2 robe of positive energy (worn)
Magical Staves
 g - a staff of conjuration
Jewellery
 j - a ring of protection from cold (left hand)
Wands
 b - a wand of digging (6)
Scrolls
 d - 2 scrolls of magic mapping {unknown}
 e - 2 scrolls of immolation {unknown}
 h - a scroll of enchant armour {unknown}
 m - a scroll of amnesia {unknown}
Potions
 c - a potion of invisibility
 f - 2 potions of flight {unknown}
 n - a potion of resistance {unknown}


   Skills:
 + Level 0.2 Fighting
 - Level 2.0 Short Blades
 - Level 3.0 Dodging
 + Level 7.5 Stealth
 - Level 2.6 Spellcasting
 + Level 4.8 Hexes
 - Level 2.6 Ice Magic
 + Level 0.1 Air Magic
 * Level 0.3 Poison Magic


You had 3 spell levels left.
You knew the following spells:

 Your Spells              Type           Power      Damage    Failure   Level
a - Ensorcelled Hibernat  Hex/Ice        30%        N/A       5%          2
b - Confusing Touch       Hex            19%        N/A       7%          3
c - Poisonous Vapours     Pois/Air       6%         N/A       24%         2

Your spell library contained the following spells:

 Spells                   Type           Power      Damage    Failure   Level
 Tukima's Dance           Hex            19%        N/A       7%          3
 Sting                    Tmut/Pois      8%         1d3       16%         1
 Dazzling Flash           Conj/Hex       22%        N/A       19%         3
 Olgreb's Toxic Radiance  Pois           3%         N/A       83%         4
 Animate Dead             Necr           1%         N/A       86%         4
 Haunt                    Necr/Summ      1%         N/A       100%        7
 Infestation              Necr           1%         N/A       100%        8


Dungeon Overview and Level Annotations

Branches:
Dungeon (4/15)
 Temple: D:4-7

Altars:
Beogh

Annotations:
D:3 3 runed translucent doors, Crazy Yiuf; WLBjork's ghost, amateur HOFi


Innate Abilities, Weirdness & Mutations

You are very small and have problems with some larger weapons.
You are too small for most types of armour.
You have supernaturally acute eyesight. (SInv)
You cover ground extremely quickly. (Speed+++)


Message History

The spell is quite dangerous to miscast (7% risk of failure)!
Continue anyway?
Okay, then.
Casting: Confusing Touch (quite dangerous; 7% risk of failure)
Confirm with . or Enter, or press ? or * to list all spells.
Aiming: Ensorcelled Hibernation (safe; 5% risk of failure)
Press: ? - help, Shift-Dir - straight line, f - Crazy Yiuf
Aim: Crazy Yiuf, wielding a +3 quarterstaff of chaos and wearing a +0 cloak (chance to affect: 57%) Crazy Yiuf resists with significant effort.
You feel very sick.
Crazy Yiuf cries, "Cholesterol!
Leather light hand."
Crazy Yiuf hits you with a +3 quarterstaff of chaos.
You partially resist.
You feel drained.
Casting: Ensorcelled Hibernation (safe; 5% risk of failure)
Confirm with . or Enter, or press ? or * to list all spells.
Aiming: Ensorcelled Hibernation (safe; 5% risk of failure)
Press: ? - help, Shift-Dir - straight line, f/p - Crazy Yiuf
Aim: Crazy Yiuf, wielding a +3 quarterstaff of chaos and wearing a +0 cloak (chance to affect: 57%) Crazy Yiuf resists with significant effort.
You feel very sick.
Crazy Yiuf grits, "Iron!"
Crazy Yiuf barely misses you.
Casting: Ensorcelled Hibernation (safe; 5% risk of failure)
Confirm with . or Enter, or press ? or * to list all spells.
Aiming: Ensorcelled Hibernation (safe; 5% risk of failure)
Press: ? - help, Shift-Dir - straight line, f/p - Crazy Yiuf
Aim: Crazy Yiuf, wielding a +3 quarterstaff of chaos and wearing a +0 cloak (chance to affect: 57%) Crazy Yiuf resists with significant effort.
* * * LOW HITPOINT WARNING * * *
You feel sick. Crazy Yiuf closely misses you.
Casting: Ensorcelled Hibernation (safe; 5% risk of failure)
Confirm with . or Enter, or press ? or * to list all spells.
Aiming: Ensorcelled Hibernation (safe; 5% risk of failure)
Press: ? - help, Shift-Dir - straight line, f/p - Crazy Yiuf
Aim: Crazy Yiuf, wielding a +3 quarterstaff of chaos and wearing a +0 cloak (chance to affect: 57%) Crazy Yiuf resists with significant effort.
* * * LOW HITPOINT WARNING * * *
You feel sick.
Crazy Yiuf hits you with a +3 quarterstaff of chaos!
Ouch! That really hurt!
You die...

........#..........####.#####
........#.................).##
........#<..........#######..#
........#...######### ##.##
...'######+## #..#
...'.......# ##.# ...#########
##### ♣♣###.# ...# #)..#♣♣
♣♣P....# †..#
#g@.'.♣♣♣♣......# ...#
#...#♣..♣.PP...## ...#
#####♣♣♣.♣.P..## ...# ♣♣♣♣♣###
...# ...# ####


You could see Crazy Yiuf.

Vanquished Creatures
  Sigmund (D:3)
  Jessica (D:3)
  2 adders
  4 gnolls (D:2)
  A worm (D:2)
  3 dart slugs
  3 orcs
  9 ball pythons
  4 bats
  3 endoplasms
  A giant cockroach (D:1)
  2 goblins (D:1)
  7 hobgoblins
  4 jackals
  2 quokkas
  A frilled lizard (D:3)
  6 kobolds
  8 rats
62 creatures vanquished.

Vanquished Creatures (others)
  A fungus (D:3)
1 creature vanquished.

Grand Total: 63 creatures vanquished

Notes
Turn   | Place    | Note
-------+----------+-------------------------------------------
     0 | D:1      | Flippered the Spriggan Enchanter began the quest for the
                  | Orb.
     0 | D:1      | Reached XP level 1. HP: 9/9 MP: 5/5
   161 | D:1      | Reached XP level 2. HP: 13/13 MP: 6/6
   165 | D:1      | Learned a level 2 spell: Ensorcelled Hibernation
   232 | D:1      | Reached skill level 5 in Stealth
  1331 | D:2      | Reached XP level 3. HP: 16/16 MP: 8/8
  1494 | D:2      | Found a faded altar of an unknown god.
  1648 | D:2      | Identified the +0 helmet "Cumpifew" {rF+ Int+4}
  1849 | D:2      | Reached skill level 1 in Ice Magic
  2163 | D:2      | Reached XP level 4. HP: 21/21 MP: 6/9
  2301 | D:2      | Reached skill level 6 in Stealth
  2442 | D:2      | Learned a level 3 spell: Confusing Touch
  2483 | D:3      | Noticed Sigmund
  2640 | D:3      | Killed Sigmund
  2641 | D:3      | Reached skill level 7 in Stealth
  2641 | D:3      | Reached XP level 5. HP: 16/24 MP: 3/10
  2643 | D:3      | Identified the +5 dagger of Befosomu {freeze, rN+}
  2753 | D:3      | Noticed Jessica
  2757 | D:3      | Killed Jessica
  2758 | D:3      | Reached XP level 6. HP: 28/28 MP: 11/11
  2769 | D:3      | Learned a level 2 spell: Poisonous Vapours
  2890 | D:3      | Found a runed translucent gate.
  2891 | D:3      | Found a runed translucent gate.
  2893 | D:3      | Found a runed translucent gate.
  2895 | D:3      | Noticed WLBjork's ghost (amateur HOFi)
  2896 | D:3      | Identified the +4 spear of the Hills {vorpal, +Blink Dex+3}
  3594 | D:4      | HP: 1/28 [orc priest (4)]
  3936 | D:3      | Found a runed translucent door.
  3937 | D:3      | Noticed Crazy Yiuf
  3947 | D:3      | Mangled by Crazy Yiuf

Illustrated notes

Levels and vault maps discovered:
D:1:      minmay_arrival_solitary_statue, layout_basic
D:2:      layout_rooms, shapermc_ecumenical_altar_totnotflames,
          serial_corexii_hall, chequers_hall_statues_corner_a,
          corexii_hall_statues_x, minmay_misc_feat_tiny
D:3:      layout_basic, biasface_ghost_orc_armoury, uniq_sigmund, uniq_jessica,
          uniq_crazy_yiuf_cottage
D:4:      layout_gridville, okawaru_metal_pillars_3,
          minmay_temple_entry_gardened_gates, serial_park_tiny_pond,
          minmay_small_thing

Skill      XL: |  1  2  3  4 |
---------------+-------------+-----
Stealth        | 5 7 |  7.5
Hexes          | 4 |  4.8
Short Blades   | 2 |  2.0
Ice Magic      | 1 2 |  2.6
Dodging        | 3 |  3.0
Fighting       | |  0.2
Spellcasting   | |  2.6
Air Magic      | |  0.1
Poison Magic   | |  0.3

Action                   |  1- 3 |  4- 6 || total
-------------------------+-------+-------++-------
Melee: Dagger            |    69 |    45 ||   114
       Punch             |     1 |       ||     1
 Cast: Ensorcelled Hiber |    18 |    33 ||    51
       Confusing Touch   |       |     1 ||     1
 Stab: Sleeping          |    27 |    22 ||    49
Armor: Robe              |    13 |     8 ||    21
Dodge: Dodged            |    47 |    23 ||    70
